 Dungeon Crawl Stone Soup version 0.30-a0-390-g80c34de65d (webtiles) character file.

Game seed: 15679989785924629048

20292 arthad the Fighter (level 12, -19/82 HPs)
             Began as a Gargoyle Fighter on Dec 4, 2022.
             Was a Priest of Qazlal.
             Demolished by Rupert
             ... wielding a +2 great sword of electrocution
              (32 damage)
             ... on level 12 of the Dungeon.
             The game lasted 00:41:48 (10389 turns).

arthad the Fighter (Gargoyle Fighter)              Turns: 10389, Time: 00:41:48

Health: -19/82     AC: 25    Str: 24    XL:     12   Next: 78%
Magic:  13/17      EV: 13    Int: 16    God:    Qazlal [***...]
Gold:   771        SH: 12    Dex: 16    Spells: 11/11 levels left

rFire   . . .      SeeInvis .    J - +5 war axe (spect)
rCold   . . .      Faith    .    c - +1 buckler
rNeg    + . .      Spirit   .    H - +0 acid dragon scales
rPois   ∞          Reflect  .    h - +0 helmet
rElec   +          Harm     .    I - scarf {+Inv}
rCorr   +          Rampage  .    z - +0 pair of gloves
Will    .....                    (no boots)
Stlth   +.........               l - amulet of regeneration
HPRegen 1.13/turn                r - ring "Weumusof" {AC+4 Dex+7}
MPRegen 0.15/turn                A - +6 ring of intelligence

@: no status effects
A: sickness immunity, AC +8, negative energy resistance 1, electricity
resistance, torment resistance 1, petrification resistance
a: Renounce Religion, Evoke Invisibility, Upheaval, Elemental Force


You were on level 12 of the Dungeon.
You worshipped Qazlal.
Qazlal was most pleased with you.
You visited 2 branches of the dungeon, and saw 13 of its levels.
You also visited: Bailey.

You collected 836 gold pieces.
You spent 65 gold pieces at shops.

Inventory:

Hand Weapons
 a - a +0 spectral flail
 u - a +3 whip of electrocution
 v - a +0 broad axe of chaos
 y - a +2 sling of freezing
 B - a +0 spectral club
 J - a +5 spectral war axe (weapon)
 S - a +1 scimitar of flaming
Missiles
 m - a throwing net (quivered)
 o - 22 poisoned darts
 Q - 4 atropa-tipped darts
 Z - a curare-tipped dart
Armour
 c - a +1 buckler (worn)
 h - a +0 helmet (worn)
 z - a +0 pair of gloves (worn)
 H - +0 acid dragon scales (worn)
 I - a scarf of invisibility (worn)
 N - a +2 ring mail of fire resistance
Jewellery
 f - a ring of resist corrosion
 l - an amulet of regeneration (around neck)
 r - the ring "Weumusof" (left hand) {AC+4 Dex+7}
   (You acquired it on level 7 of the Dungeon)

   [ring of protection]

   AC:        It affects your AC (+4).
   Dex:       It affects your dexterity (+7).
 A - a +6 ring of intelligence (right hand)
 P - a ring of fire
Wands
 s - a wand of iceblast (22)
 R - a wand of acid (3)
 T - a wand of digging (7)
 V - a wand of paralysis (4)
 W - a wand of mindburst (8)
 X - a wand of polymorph (7)
Scrolls
 b - 2 scrolls of fear
 e - 3 scrolls of amnesia
 g - 2 scrolls of enchant weapon
 i - 2 scrolls of butterflies
 j - 9 scrolls of teleportation
 n - 6 scrolls of vulnerability
 t - 3 scrolls of torment
 w - 2 scrolls of identify
 x - 3 scrolls of poison
 E - a scroll of magic mapping
 G - a scroll of blinking
 M - 2 scrolls of enchant armour
Potions
 d - 5 potions of heal wounds
 k - a potion of attraction
 p - 6 potions of brilliance
 q - 9 potions of curing
 C - 2 potions of resistance
 D - a potion of magic
 F - 3 potions of lignification
 K - 3 potions of cancellation
 L - a potion of haste
 O - 3 potions of ambrosia
 Y - 2 potions of flight


   Skills:
 * Level 12.6 Fighting
 * Level 1.3(6.6) Axes
 - Level 11.2(11.3) Maces & Flails
 + Level 11.6 Armour
 - Level 5.1 Dodging
 - Level 7.5 Shields
 + Level 6.8 Invocations
 + Level 0.8 Evocations


You had 11 spell levels left.
You didn't know any spells.
Your spell library contained the following spells:

 Spells                   Type           Power      Damage    Failure   Level
 Beastly Appendage        Tmut           0%         N/A       36%         1
 Ensorcelled Hibernation  Hex/Ice        0%         N/A       50%         2
 Wereblood                Tmut           0%         N/A       50%         2
 Inner Flame              Hex/Fire       0%         N/A       73%         3
 Portal Projectile        Hex/Tloc       0%         N/A       73%         3
 Spider Form              Tmut/Pois      0%         N/A       73%         3
 Summon Guardian Golem    Hex/Summ       0%         N/A       73%         3
 Tukima's Dance           Hex            0%         N/A       73%         3
 Cause Fear               Hex            0%         N/A       98%         4
 Blade Hands              Tmut           0%         N/A       100%        5
 Silence                  Hex/Air        0%         N/A       100%        5
 Dragon Form              Tmut           0%         N/A       100%        7
 Discord                  Hex            0%         N/A       100%        8
 Dragon's Call            Summ           0%         N/A       100%        9


Dungeon Overview and Level Annotations

Branches:
Dungeon (12/15)            Temple (1/1) D:4            Lair (0/5) D:8
 Bailey (visited)
    Orc: D:9-12

Altars:
Ashenzari
Cheibriados
Dithmenos
Elyvilon
Fedhas
Gozag
Hepliaklqana
Kikubaaqudgha
Makhleb
Nemelex Xobeh
Okawaru
Qazlal
Ru
Sif Muna
Trog
Uskayaw
Vehumet
Wu Jian
Xom
Yredelemnul
Zin
The Shining One
Lugonu

Shops:
D:4 *

Annotations:
D:3 Menkaure
D:8 3 runed translucent doors, bande's ghost, novice GrFi
D:12 Rupert


Innate Abilities, Weirdness & Mutations

You are immune to sickness and miasma.
Your stone body is resilient. (AC +8)
You are immune to poison.
You resist negative energy. (rN+)
You are resistant to electric shocks. (rElec)
You are resistant to unholy torment.
You are immune to petrification.


Message History

Rupert hits you with a +2 great sword of electrocution!!
Your water elemental hits the orc warrior.
Your water elemental engulfs the orc warrior in water!
The slime creature hits you but does no damage.
The skeletal warrior is engulfed in freezing vapours.
The skeletal warrior hits you but does no damage.
The slime creature hits you!
The orc warrior barely misses your water elemental.
Rupert is engulfed in freezing vapours.
You block Rupert's attack.
You hear an angry hiss.
You slice the slime creature!!
You kill the slime creature!
Qazlal accepts your kill.
You slash the slime creature! You hit the skeletal warrior.
You hit Rupert but do no damage. You hit the large slime creature.
Your +5 spectral war axe hits the slime creature.
Your +5 spectral war axe hits the skeletal warrior.
Your +5 spectral war axe hits Rupert.
The orc warrior is asphyxiated! x2
The orc warrior dies!
Qazlal accepts your kill.
Your water elemental barely misses the skeletal warrior.
The slime creature hits you but does no damage.
The skeletal warrior is engulfed in freezing vapours.
The skeletal warrior hits you with a +0 scimitar!
You block Rupert's attack. You block the slime creature's attack.
Your water elemental hits the skeletal warrior!
Your water elemental engulfs the skeletal warrior in water!
Two slime creatures merge to form a very large slime creature.
A skeletal warrior comes into view. It is wielding a +0 dire flail.
The slime creature hits you!
The skeletal warrior is engulfed in freezing vapours.
The skeletal warrior barely misses you.
The skeletal warrior hits your water elemental with a +0 flail!
Unknown command.
Unknown command.
Unknown command.
Rupert hits you with a +2 great sword of electrocution!
* * * LOW HITPOINT WARNING * * *
Rupert hits you with a +2 great sword of electrocution!!
You die...

..#8. ....
##### .$.
.##....##..# .
...........##..
...............
.<....J.E).....
#...J@zz.....
#...J§@z.....
#+#####.....#
z....# .....
..... .... ....


You could see Rupert (berserk), 4 skeletal warriors, a very large slime
creature, 2 slime creatures and a friendly water elemental (summoned).

Vanquished Creatures
  2 vault guards (Bailey)
  2 boulder beetles (D:11)
  4 two-headed ogres
  Pikel (D:4)
  A deep elf pyromancer (D:8)
  3 slime creatures (D:12)
  A manticore (D:11)
  2 gargoyles (D:11)
  An unseen horror (D:7)
  A komodo dragon (D:8)
  Prince Ribbit (D:6)
  3 trolls
  Grinder (D:6)
  A blink frog (Bailey)
  A wraith (D:10)
  3 vampires
  A shadow (D:11)
  11 yaks (D:10)
  A wyvern (D:7)
  2 humans
  A steam dragon (D:9)
  3 vampire mosquitoes (D:9)
  3 acid dragons
  3 water moccasins
  4 ice beasts
  A black bear (D:8)
  6 orc warriors
  An ogre (D:7)
  3 sky beasts
  4 centaurs
  A phantom (D:7)
  Blork the orc (D:6)
  3 kobold brigands
  12 bullfrogs
  3 necrophages
  A wyvern zombie (D:6)
  2 scorpions (D:6)
  7 wights (D:7)
  2 water moccasin skeletons (D:6)
  4 killer bees
  9 howler monkeys
  A crimson imp (D:6)
  3 jellies
  7 hounds
  8 orc priests
  A gnoll bouda (D:6)
  An iron imp (D:3)
  Jessica (D:3)
  6 iguanas
  12 orc wizards
  A howler monkey zombie (D:6)
  7 adders
  9 gnolls
  A white imp (D:7)
  2 ufetubi
  2 worms
  4 dart slugs
  43 orcs
  5 ball pythons
  6 endoplasms
  4 giant cockroaches
  5 hobgoblins
  7 jackals (D:1)
  14 kobolds
  A quokka (D:5)
  8 bats
  6 frilled lizards
  15 goblins
  A jackal skeleton (D:5)
  3 rats
301 creatures vanquished.

Vanquished Creatures (collateral kills)
  A two-headed ogre (D:11)
  An orc warrior (D:12)
2 creatures vanquished.

Vanquished Creatures (others)
  Erica (D:8)
  A howler monkey (D:6)
  An orc wizard (D:10)
  37 plants
  A withered plant (D:6)
41 creatures vanquished.

Grand Total: 344 creatures vanquished

Notes
Turn   | Place    | Note
-------+----------+-------------------------------------------
     0 | D:1      | arthad the Gargoyle Fighter began the quest for the Orb.
     0 | D:1      | Reached XP level 1. HP: 14/14 MP: 1/1
   129 | D:1      | Reached XP level 2. HP: 10/19 MP: 2/2
   267 | D:1      | Got Sif Muna's Omnibus of Interference
   304 | D:1      | Reached XP level 3. HP: 23/23 MP: 3/3
  1298 | D:2      | Reached skill level 4 in Fighting
  1298 | D:2      | Reached XP level 4. HP: 29/29 MP: 4/4
  1895 | D:3      | Noticed Jessica
  1905 | D:3      | Killed Jessica
  1906 | D:3      | Reached skill level 1 in Dodging
  1906 | D:3      | Reached XP level 5. HP: 26/33 MP: 5/5
  2181 | D:3      | Found a snail-covered altar of Cheibriados.
  2386 | D:4      | Noticed a lemure
  2386 | D:4      | Noticed a lemure
  2386 | D:4      | Noticed a lemure
  2387 | D:4      | Noticed Pikel
  2388 | D:4      | Noticed a lemure
  2435 | D:4      | Killed Pikel
  2436 | D:4      | Reached skill level 5 in Fighting
  2436 | D:4      | Reached skill level 5 in Armour
  2436 | D:4      | Reached XP level 6. HP: 5/40 MP: 6/6
  2436 | D:4      | Reached XP level 7. HP: 5/44 MP: 7/7
  2497 | D:4      | Noticed Menkaure
  2801 | D:4      | Reached skill level 8 in Fighting
  2801 | D:4      | Reached XP level 8. HP: 25/56 MP: 8/8
  2986 | D:4      | Found a staircase to the Ecumenical Temple.
  2996 | Temple   | Entered the Ecumenical Temple
  3080 | Temple   | Became a worshipper of Qazlal Stormbringer
  3186 | D:4      | Found a hide-covered altar of Uskayaw.
  3188 | D:4      | Found a sacrificial altar of Ru.
  3188 | D:4      | Found an ornate altar of the Wu Jian Council.
  3190 | D:4      | Found an opulent altar of Gozag.
  3190 | D:4      | Found a shimmering altar of Xom.
  3190 | D:4      | Found a snail-covered altar of Cheibriados.
  3307 | D:4      | Found Deecaph's General Store.
  3322 | D:4      | Bought a scroll of identify for 26 gold pieces
  3322 | D:4      | Bought a scroll of teleportation for 39 gold pieces
  3396 | D:4      | Reached skill level 9 in Fighting
  3461 | D:4      | Reached XP level 9. HP: 57/60 MP: 9/9
  3631 | D:5      | Entered Level 5 of the Dungeon
  3856 | D:5      | Found a radiant altar of Vehumet.
  4095 | D:5      | Found a runed translucent door.
  4101 | D:5      | Found a basalt altar of Yredelemnul.
  4429 | D:5      | Reached * piety under Qazlal
  4588 | D:6      | Noticed Prince Ribbit
  4603 | D:6      | Killed Prince Ribbit
  4770 | D:6      | Noticed Grinder
  4796 | D:6      | Killed Grinder
  4940 | D:6      | Reached XP level 10. HP: 47/66 MP: 10/10
  5087 | D:6      | Found a white marble altar of Elyvilon.
  5105 | D:6      | Noticed Blork the orc
  5135 | D:6      | Killed Blork the orc
  5313 | D:6      | Found a burning altar of Makhleb.
  5331 | D:6      | Reached ** piety under Qazlal
  5934 | D:7      | Found a glowing golden altar of the Shining One.
  6042 | D:7      | Found a flagged portal.
  6067 | Bailey   | Entered a bailey
  6122 | Bailey   | Reached skill level 10 in Fighting
  6149 | Bailey   | Noticed a vault guard
  6163 | Bailey   | Killed a vault guard
  6164 | Bailey   | Reached skill level 10 in Armour
  6342 | Bailey   | Noticed a vault guard
  6359 | Bailey   | Killed a vault guard
  6665 | D:7      | Reached skill level 5 in Dodging
  6695 | D:7      | Found a sparkling altar of Nemelex Xobeh.
  6811 | D:7      | Found a hazy altar of Hepliaklqana.
  6816 | D:7      | Reached *** piety under Qazlal
  6817 | D:7      | Reached XP level 11. HP: 70/73 MP: 11/11
  6826 | D:7      | Identified a scroll of acquirement
  6828 | D:7      | Acquired the ring "Weumusof" {AC+4 Dex+7}
  7101 | D:7      | Reached skill level 1 in Invocations
  7355 | D:8      | Noticed a two-headed ogre
  7363 | D:8      | Killed a two-headed ogre
  7497 | D:8      | Noticed a deep elf pyromancer
  7566 | D:8      | Killed a deep elf pyromancer
  7567 | D:8      | Reached skill level 11 in Fighting
  7651 | D:8      | Noticed Erica
  7659 | D:8      | Killed Erica
  7660 | D:8      | Reached skill level 10 in Maces & Flails
  7686 | D:8      | Found a runed translucent gate.
  7686 | D:8      | Found a runed translucent gate.
  7686 | D:8      | Found a runed translucent gate.
  7688 | D:8      | Noticed bande's ghost (novice GrFi)
  7774 | D:8      | Found a broken altar of Ashenzari.
  7886 | D:8      | Found a staircase to the Lair.
  7931 | D:8      | Reached **** piety under Qazlal
  8366 | D:9      | Noticed a two-headed ogre
  8378 | D:9      | Killed a two-headed ogre
  8385 | D:9      | Noticed a two-headed ogre
  8403 | D:9      | Killed a two-headed ogre
  8404 | D:9      | Reached XP level 12. HP: 58/80 MP: 15/15
  8652 | D:9      | Found an ancient bone altar of Kikubaaqudgha.
  8652 | D:9      | Found a shadowy altar of Dithmenos.
  8653 | D:9      | Found an iron altar of Okawaru.
  9010 | D:10     | Entered Level 10 of the Dungeon
  9094 | D:10     | Found an opulent altar of Gozag.
  9108 | D:10     | Reached skill level 5 in Invocations
  9174 | D:10     | Reached skill level 12 in Fighting
  9506 | D:11     | Noticed a boulder beetle
  9551 | D:11     | Killed a boulder beetle
  9710 | D:11     | Noticed a +0 dagger
  9715 | D:11     | Found a hide-covered altar of Uskayaw.
  9715 | D:11     | Noticed a two-headed ogre
  9724 | D:11     | Killed a two-headed ogre
  9731 | D:11     | Noticed a boulder beetle
  9737 | D:11     | Noticed a two-headed ogre
  9753 | D:11     | Killed a two-headed ogre
  9770 | D:11     | Killed a boulder beetle
 10382 | D:12     | Noticed Rupert
 10387 | D:12     | Reached skill level 1 in Axes
 10389 | D:12     | Demolished by Rupert

Illustrated notes

Levels and vault maps discovered:
D:1:      dpeg_arrival_oval, layout_basic, st_stairs_4
D:2:      layout_basic
D:3:      layout_rooms, chei_slow_surprise, serial_forest,
          infiniplex_forest_lined_ring, infiniplex_forest_lined_3,
          infiniplex_forest_diagonal, infiniplex_forest_straight_2,
          infiniplex_forest_clump_diagonal, infiniplex_forest_straight_4,
          infiniplex_forest_clump_C, uniq_jessica
D:4:      layout_cave_pools, doesnt_xom_only_xom,
          minmay_temple_entry_proselytizer, serial_shops,
          nicolae_shop_hallway_stairs, minmay_goblin_kobold_house, uniq_pikel,
          uniq_menkaure
D:5:      minmay_clustersquares, layout_loops_ring, dk_yredelemnul_ordeal,
          fiery_altar_vehumet, water_boxes_lemuel
D:6:      layout_layer_cave, makhleb_grotto_becter, mainiacjoe_overflow_catwalk,
          serial_undead, serial_undead_e, serial_undead_b, serial_undead_c,
          serial_undead_e, kennysheep_generic_room_4, uniq_blork_the_orc,
          uniq_grinder, uniq_prince_ribbit1
D:7:      layout_loops_ring, nicolae_hepliaklqana_hazy_memory,
          kennysheep_little_box, mainiacjoe_overflow_tiny_flanked,
          enter_bailey_5, corner_web_ring, nzn_random_ring
D:8:      wad_arrow_thing, layout_cave_pools, nicolae_ashenzari_panopticon,
          david_lair_shrubbed, ebering_ghost_rock_garden, lightli_orcish_oven,
          uniq_erica
D:9:      layout_irregular_city, gammafunk_temple_overflow_claw
D:10:     minmay_recursive_quarters, layout_rooms,
          mainiacjoe_overflow_cross_hatched
D:11:     layout_loops_cross, minmay_misc_feat_four_crosses, minmay_holes,
          dancing_weapons_uskayaw
D:12:     layout_gridville, david_orc_3, serial_shops, shop, st_stairs_6,
          okawaru_metal_pillars_1_2, uniq_rupert
Temple:   corrupted_temple

Skill      XL: |  1  2  3  4  5  6  7  8  9 10 11 12 |
---------------+-------------------------------------+-----
Fighting       | 4 5 8 9 10 11 12 | 12.6
Armour         | 4 5 8 9 10 11 | 11.6
Maces & Flails | 3 4 7 8 9 10 11 | 11.2
Dodging        | 1 4 5 |  5.1
Shields        | 4 6 7 |  7.5
Invocations    | 4 6 |  6.8
Axes           | 1 |  1.3
Evocations     | |  0.8

Action                   |  1- 3 |  4- 6 |  7- 9 | 10-12 || total
-------------------------+-------+-------+-------+-------++-------
Melee: Flail             |   177 |    15 |       |   536 ||   728
       Whip              |       |   118 |   315 |    23 ||   456
       War axe           |       |       |       |    14 ||    14
Throw: Dart              |       |       |       |    15 ||    15
       Throwing net      |       |       |       |     3 ||     3
Invok: Upheaval          |       |       |       |     2 ||     2
       Elemental Force   |       |       |       |     2 ||     2
Evoke: Wand              |       |       |       |    11 ||    11
  Use: Potion            |       |     4 |     2 |     2 ||     8
       Scroll            |       |       |    12 |    17 ||    29
 Stab: Distracted        |       |       |       |     4 ||     4
Armor: Scale mail        |   100 |    75 |    65 |       ||   240
       Acid dragon scale |       |       |    72 |   219 ||   291
Dodge: Dodged            |    96 |    59 |   121 |   211 ||   487
       Repelled          |       |       |       |     2 ||     2
Block: Buckler           |    54 |    24 |    79 |   282 ||   439

Table legend: (Time is in decaauts)
 A = Elapsed time spent in this place.
 B = Non-inter-level travel time spent in this place.
 C = Inter-level travel time spent in this place.
 D = Time resting spent in this place.
 E = Time spent auto-exploring this place.
 F = Levels seen in this place.
 G = Mean time per level.
                   A        B        C        D        E       F      G
               +--------+--------+--------+--------+--------+-----+--------+
         Total |  10339 |   9862 |    477 |    574 |   6704 |  14 |  738.5 |
       Dungeon |   9867 |   9455 |    412 |    415 |   6621 |  12 |  822.2 |
        Temple |    101 |     37 |     64 |      0 |     28 |   1 |  101.0 |
        Bailey |    370 |    370 |      0 |    159 |     54 |   1 |  370.0 |
               +--------+--------+--------+--------+--------+-----+--------+

Top non-repeatable levels by time:
     D:6: 1294 daAuts
     D:7: 1073 daAuts
     D:3: 1032 daAuts
     D:5: 922 daAuts
     D:1: 914 daAuts
     D:4: 911 daAuts
    D:11: 865 daAuts
     D:8: 838 daAuts
     D:9: 825 daAuts
     D:2: 690 daAuts
    D:10: 487 daAuts
  Bailey: 370 daAuts
  Temple: 101 daAuts
    D:12: 11 daAuts
